PCL
TACOMA CUBS @ TUCSON TOROS
05/08/1981
 
TOP OF THE 1ST
Tacoma Cubs batting - Pitching for Tucson Toros : RHP Alfredo Campos
Pitching: RHP Alfredo Campos
Batting: LHB Robert Kraft 0-0: Called Strike
0-1: Ball
1-1: Ball
2-1: Ball
3-1: Called Strike
3-2: Base on Balls
Batting: RHB Tony Johnson 0-0: Called Strike
Robert Kraft steals 2nd base (no throw)
0-1: Called Strike
0-2: Ball
1-2: Ball
2-2: Ground out 3-1 (Groundball, 34, EV 102.5 MPH)
Robert Kraft to third
Batting: RHB Marty Castillo 0-0: Ball
1-0: Ball
2-0: Fly out, F3 (Popup, 3F, EV 78.1 MPH)
Batting: RHB Larry Hamilton 0-0: Called Strike
0-1: Swinging Strike
0-2: SINGLE (Line Drive, 4MD, EV 94.4 MPH)
Robert Kraft scores
Batting: LHB Broderick Perkins 0-0: Called Strike
0-1: Ball
1-1: Ball
2-1: Foul Ball, location: 2F
2-2: Ball
3-2: Ground out 6-3 (Groundball, 6M, EV 84.4 MPH)
Top of the 1st over - 1 run, 1 hit, 0 errors, 1 left on base; Tacoma 1 - Tucson 0
BOTTOM OF THE 1ST
Tucson Toros batting - Pitching for Tacoma Cubs : LHP Robert Simond
Pitching: LHP Robert Simond
Batting: LHB Rance Mulliniks 0-0: Ball
1-0: Ball
2-0: Ball
3-0: Called Strike
3-1: Base on Balls
Batting: LHB Tim Krauss 0-0: Called Strike
0-1: Ball
1-1: Ball
2-1: Foul Ball, location: 2F
2-2: Ball
3-2: Foul Ball, location: 2F
3-2: Fly out, F9 (Flyball, 9, EV 88.8 MPH)
Batting: RHB Mike A Marshall 0-0: Ball
1-0: Ball
2-0: Ball
3-0: Base on Balls
Rance Mulliniks to second
Batting: LHB Dave Hudgens 0-0: Ball
1-0: Foul Ball, location: 2F
1-1: Foul Ball, location: 2F
1-2: Ball
2-2: Ball
3-2: Strikes out looking
Batting: RHB Brian Harper 0-0: Called Strike
0-1: Called Strike
0-2: Ball
1-2: Fielders Choice at 2nd, 5-4 (Groundball, 56, EV 88.1 MPH)
Bottom of the 1st over - 0 runs, 0 hits, 0 errors, 2 left on base; Tacoma 1 - Tucson 0
TOP OF THE 2ND
Tacoma Cubs batting - Pitching for Tucson Toros : RHP Alfredo Campos
Batting: RHB Bobby Malone 0-0: Called Strike
0-1: Foul Ball, location: 2F
0-2: Ball
1-2: Ball
2-2: Foul Ball, location: 2F
2-2: Foul Ball, location: 2F
2-2: Strikes out swinging
Batting: RHB Bill Lyons 0-0: Called Strike
0-1: Ground out 4-3 (Groundball, 34, EV 102.5 MPH)
Batting: LHB Thad Bosley 0-0: Called Strike
0-1: Foul Ball, location: 2F
0-2: Fly out, F5 (Popup, 25F, EV 86.3 MPH)
Top of the 2nd over - 0 runs, 0 hits, 0 errors, 0 left on base; Tacoma 1 - Tucson 0
BOTTOM OF THE 2ND
Tucson Toros batting - Pitching for Tacoma Cubs : LHP Robert Simond
Batting: LHB Steve Christmas 0-0: SINGLE (Groundball, 3D, EV 99.4 MPH)
Batting: RHB Miguel Rodriguez 0-0: Swinging Strike
0-1: Ball
1-1: DOUBLE (Line Drive, 7LM, EV 106.3 MPH)
Steve Christmas to third
Batting: LHB James Goss 0-0: Called Strike
0-1: Swinging Strike
0-2: Ball
1-2: Strikes out swinging
Batting: LHB Alex Campos 0-0: Fly out, F4 (Flyball, 34D, EV 85.0 MPH)
Batting: LHB Rance Mulliniks 0-0: Ball
1-0: SINGLE (Groundball, 4M, EV 83.8 MPH) (infield hit)
Steve Christmas scores
Miguel Rodriguez to third
Batting: LHB Tim Krauss 0-0: Ball
1-0: Ball
2-0: Called Strike
2-1: Ball
3-1: SINGLE (Groundball, 4MD, EV 98.1 MPH)
Miguel Rodriguez scores
Rance Mulliniks to second
Batting: RHB Mike A Marshall 0-0: Called Strike
0-1: Foul Ball, location: 2F
0-2: Strikes out swinging
Bottom of the 2nd over - 2 runs, 4 hits, 0 errors, 2 left on base; Tacoma 1 - Tucson 2
TOP OF THE 3RD
Tacoma Cubs batting - Pitching for Tucson Toros : RHP Alfredo Campos
Batting: RHB William Parmenter 0-0: Ball
1-0: Called Strike
1-1: Swinging Strike
1-2: Strikes out swinging
Batting: LHB Robert Kraft 0-0: Foul Ball, location: 2F
0-1: Fly out, F1 (Line Drive, P, EV 70.6 MPH)
Batting: RHB Tony Johnson 0-0: Called Strike
0-1: Swinging Strike
0-2: Ball
1-2: Foul Ball, location: 2F
1-2: Ground out 6-3 (Groundball, 6, EV 82.5 MPH)
Top of the 3rd over - 0 runs, 0 hits, 0 errors, 0 left on base; Tacoma 1 - Tucson 2
BOTTOM OF THE 3RD
Tucson Toros batting - Pitching for Tacoma Cubs : LHP Robert Simond
Batting: LHB Dave Hudgens 0-0: Called Strike
0-1: Ball
1-1: Ground out 1-3 (Groundball, 25, EV 63.8 MPH)
Batting: RHB Brian Harper 0-0: Ground out 4-3 (Groundball, 4, EV 89.4 MPH)
Batting: LHB Steve Christmas 0-0: Ball
1-0: Called Strike
1-1: Swinging Strike
1-2: Ball
2-2: Ball
3-2: Base on Balls
Batting: RHB Miguel Rodriguez 0-0: Ball
1-0: Ball
2-0: Ball
3-0: Called Strike
3-1: Foul Ball, location: 2F
3-2: Fly out, F7 (Flyball, 7LS, EV 91.3 MPH)
Bottom of the 3rd over - 0 runs, 0 hits, 0 errors, 1 left on base; Tacoma 1 - Tucson 2
TOP OF THE 4TH
Tacoma Cubs batting - Pitching for Tucson Toros : RHP Alfredo Campos
Batting: RHB Marty Castillo 0-0: Ball
1-0: Ground out 5-3 (Groundball, 5S, EV 80.6 MPH)
Batting: RHB Larry Hamilton 0-0: Ball
1-0: Called Strike
1-1: Foul Ball, location: 2F
1-2: Fly out, F9 (Flyball, 9, EV 91.3 MPH)
Batting: LHB Broderick Perkins 0-0: Called Strike
0-1: Ball
1-1: Ball
2-1: Swinging Strike
2-2: Strikes out looking
Top of the 4th over - 0 runs, 0 hits, 0 errors, 0 left on base; Tacoma 1 - Tucson 2
BOTTOM OF THE 4TH
Tucson Toros batting - Pitching for Tacoma Cubs : LHP Robert Simond
Batting: LHB James Goss 0-0: SINGLE (Line Drive, 5D, EV 100.0 MPH)
Batting: LHB Alex Campos 0-0: Swinging Strike
0-1: Ball
1-1: Fielders Choice at 2nd, 6-4 (Groundball, 6S, EV 84.4 MPH)
Batting: LHB Rance Mulliniks 0-0: Swinging Strike
0-1: Ball
1-1: Ball
2-1: Foul Ball, location: 2F
2-2: Foul Ball, location: 2F
2-2: Strikes out looking
Batting: LHB Tim Krauss 0-0: Ball
1-0: Ball
2-0: Called Strike
2-1: Ground out U3 (Groundball, 3, EV 86.3 MPH)
Bottom of the 4th over - 0 runs, 1 hit, 0 errors, 1 left on base; Tacoma 1 - Tucson 2
TOP OF THE 5TH
Tacoma Cubs batting - Pitching for Tucson Toros : RHP Alfredo Campos
Batting: RHB Bobby Malone 0-0: Fly out, F8 (Flyball, 78D, EV 95.6 MPH)
Batting: RHB Bill Lyons 0-0: Called Strike
0-1: Reached on error, E5 (Groundball, 56, EV 82.5 MPH)
Batting: LHB Thad Bosley 0-0: Swinging Strike
0-1: Foul Ball, location: 2F
0-2: Ball
1-2: Ball
2-2: Fielders Choice at 2nd, 6-4 (Groundball, 6, EV 86.3 MPH)
Batting: RHB William Parmenter 0-0: Foul Ball, location: 2F
0-1: Called Strike
0-2: Strikes out swinging
Top of the 5th over - 0 runs, 0 hits, 1 error, 1 left on base; Tacoma 1 - Tucson 2
BOTTOM OF THE 5TH
Tucson Toros batting - Pitching for Tacoma Cubs : LHP Robert Simond
Batting: RHB Mike A Marshall 0-0: Ball
1-0: Reached on error, E5 (Groundball, 56, EV 105.0 MPH)
Batting: LHB Dave Hudgens 0-0: Ball
1-0: Ball
2-0: Swinging Strike
2-1: Foul Ball, location: 2F
2-2: Foul Ball, location: 2F
2-2: SINGLE (Groundball, 6S, EV 70.0 MPH) (infield hit)
Mike A Marshall to second
Batting: RHB Brian Harper 0-0: Ball
1-0: SINGLE (Groundball, 6MD, EV 94.4 MPH)
Mike A Marshall to third
Dave Hudgens to second
Batting: LHB Steve Christmas 0-0: Swinging Strike
0-1: Ball
1-1: Ball
2-1: Foul Ball, location: 2F
2-2: Ball
3-2: DOUBLE (Flyball, 3D, EV 100.6 MPH)
Mike A Marshall scores
Dave Hudgens scores
Brian Harper to third
Batting: RHB Miguel Rodriguez 0-0: Ball
1-0: Ball
2-0: Called Strike
2-1: Ball
3-1: Called Strike
3-2: Base on Balls
Batting: LHB James Goss 0-0: Called Strike
0-1: Called Strike
0-2: Foul Ball, location: 2F
0-2: Ball
1-2: Foul Ball, location: 2F
1-2: GRAND SLAM HOME RUN (Flyball, 89XD, EV 101.9 MPH), Distance : 417 ft
Pitching: RHP Ben Callahan
Batting: LHB Alex Campos 0-0: Called Strike
0-1: Swinging Strike
0-2: Ball
1-2: Ball
2-2: SINGLE (Groundball, 25, EV 73.1 MPH) (infield hit)
Batting: LHB Rance Mulliniks 0-0: Ball
1-0: Foul Ball, location: 2F
1-1: Ball
2-1: Ball
3-1: Foul Ball, location: 2F
3-2: Fly out, F7 (Flyball, 7, EV 91.9 MPH)
Batting: LHB Tim Krauss 0-0: Swinging Strike
0-1: Ball
1-1: Foul Ball, location: 2F
1-2: SINGLE (Line Drive, 4D, EV 102.5 MPH)
Alex Campos to second
Batting: RHB Mike A Marshall 0-0: Ball
1-0: Foul Ball, location: 2F
1-1: Foul Ball, location: 2F
1-2: Ball
2-2: Fly out, F8 (Flyball, 8RM, EV 91.9 MPH)
Batting: LHB Dave Hudgens 0-0: Called Strike
0-1: Ball
1-1: Ball
2-1: Ball
3-1: Called Strike
3-2: Strikes out swinging
Bottom of the 5th over - 6 runs, 6 hits, 1 error, 2 left on base; Tacoma 1 - Tucson 8
TOP OF THE 6TH
Tacoma Cubs batting - Pitching for Tucson Toros : RHP Alfredo Campos
Batting: LHB Robert Kraft 0-0: Called Strike
0-1: SINGLE (Groundball, 56D, EV 96.9 MPH)
Batting: RHB Tony Johnson 0-0: Ball
1-0: Ball
2-0: Fly out, F7 (Flyball, 78S, EV 73.8 MPH)
Batting: RHB Marty Castillo 0-0: Ball
1-0: Ball
2-0: Ball
3-0: Called Strike
3-1: Called Strike
3-2: Fly out, F7 (Flyball, 78M, EV 65.6 MPH)
Batting: RHB Larry Hamilton 0-0: Called Strike
0-1: Ball
1-1: Ball
2-1: Fly out, F8 (Flyball, 8LD, EV 96.3 MPH)
Top of the 6th over - 0 runs, 1 hit, 0 errors, 1 left on base; Tacoma 1 - Tucson 8
BOTTOM OF THE 6TH
Tucson Toros batting - Pitching for Tacoma Cubs : RHP Ben Callahan
Batting: RHB Brian Harper 0-0: Foul Ball, location: 2F
0-1: Called Strike
0-2: Strikes out looking
Batting: LHB Steve Christmas 0-0: Ball
1-0: Fly out, F6 (Flyball, 5D, EV 96.3 MPH)
Batting: RHB Miguel Rodriguez 0-0: Ball
1-0: Foul Ball, location: 2F
1-1: Ball
2-1: Ball
3-1: Foul Ball, location: 2F
3-2: Foul Ball, location: 2F
3-2: Foul Ball, location: 2F
3-2: Foul Ball, location: 2F
3-2: SINGLE (Line Drive, 8RS, EV 91.3 MPH)
Batting: LHB James Goss 0-0: Called Strike
Pickoff Throw to First - Out! 1-3
Bottom of the 6th over - 0 runs, 1 hit, 0 errors, 0 left on base; Tacoma 1 - Tucson 8
TOP OF THE 7TH
Tacoma Cubs batting - Pitching for Tucson Toros : RHP Alfredo Campos
Batting: LHB Broderick Perkins 0-0: Foul Ball, location: 2F
0-1: Called Strike
0-2: Foul Ball, location: 2F
0-2: Ball
1-2: Foul Ball, location: 2F
1-2: Foul Ball, location: 2F
1-2: Ball
2-2: Foul Ball, location: 2F
2-2: Ball
3-2: Base on Balls
Batting: RHB Bobby Malone 0-0: Ball
1-0: Foul Ball, location: 2F
1-1: Foul Ball, location: 2F
1-2: Strikes out swinging
Batting: RHB Bill Lyons 0-0: Ball
1-0: Foul Ball, location: 2F
1-1: Ball
2-1: Ball
3-1: Called Strike
3-2: Foul Ball, location: 2F
3-2: SINGLE (Groundball, 4D, EV 102.5 MPH)
Broderick Perkins to second
Broderick Perkins to third
Batting: LHB Thad Bosley 0-0: Called Strike
0-1: Foul Ball, location: 2F
0-2: Fielders Choice at 2nd, 1-6 (Groundball, 13S, EV 61.3 MPH)
Batting: RHB William Parmenter 0-0: Ball
Thad Bosley is caught stealing 2nd base 2-4
Top of the 7th over - 0 runs, 1 hit, 0 errors, 1 left on base; Tacoma 1 - Tucson 8
BOTTOM OF THE 7TH
Tucson Toros batting - Pitching for Tacoma Cubs : RHP Ben Callahan
Batting: LHB James Goss 0-0: Ball
1-0: Called Strike
1-1: Ball
2-1: Ball
3-1: Base on Balls
Batting: LHB Alex Campos 0-0: Ball
1-0: Called Strike
1-1: Fly out, F8 (Flyball, 8RD, EV 100.6 MPH)
Pitching: LHP Bob Sykes
Batting: LHB Rance Mulliniks 0-0: Ball
1-0: Called Strike
1-1: Swinging Strike
1-2: Ball
2-2: Ball
3-2: Strikes out looking
James Goss is caught stealing 2nd base 2-6
Batter strikes out.
Bottom of the 7th over - 0 runs, 0 hits, 0 errors, 0 left on base; Tacoma 1 - Tucson 8
TOP OF THE 8TH
Tacoma Cubs batting - Pitching for Tucson Toros : RHP Alfredo Campos
Batting: RHB William Parmenter 0-0: Ball
1-0: Ball
2-0: Called Strike
2-1: Foul Ball, location: 2F
2-2: Ground out 1-3 (Groundball, 13S, EV 72.5 MPH)
Batting: LHB Robert Kraft 0-0: Ball
1-0: Foul Ball, location: 2F
1-1: Called Strike
1-2: Ball
2-2: Foul Ball, location: 2F
2-2: Foul Ball, location: 2F
2-2: Ball
3-2: Fly out, F6 (Popup, 6, EV 80.6 MPH)
Batting: RHB Tony Johnson 0-0: Ground out 5-3 (Groundball, 56, EV 79.4 MPH)
Top of the 8th over - 0 runs, 0 hits, 0 errors, 0 left on base; Tacoma 1 - Tucson 8
BOTTOM OF THE 8TH
Tucson Toros batting - Pitching for Tacoma Cubs : LHP Bob Sykes
Batting: LHB Tim Krauss 0-0: Ball
1-0: Swinging Strike
1-1: Foul Ball, location: 2F
1-2: Ball
2-2: Ball
3-2: Base on Balls
Pinch Hitting: LHB Tom Chism 0-0: Called Strike
0-1: Fly out, F9 (Line Drive, 9D, EV 88.8 MPH)
Batting: LHB Dave Hudgens 0-0: Ball
1-0: Ball
2-0: Foul Ball, location: 2F
2-1: Fielders Choice at 2nd, 6-4 (Groundball, 56, EV 106.9 MPH)
Now at SS: Alex Juarez
Batting: RHB Brian Harper 0-0: Ball
1-0: SINGLE (Line Drive, 9S, EV 99.4 MPH)
Dave Hudgens to second
Batting: LHB Steve Christmas 0-0: Called Strike
0-1: Ground out U3 (Groundball, 34D, EV 107.5 MPH)
Bottom of the 8th over - 0 runs, 1 hit, 0 errors, 2 left on base; Tacoma 1 - Tucson 8
TOP OF THE 9TH
Tacoma Cubs batting - Pitching for Tucson Toros : RHP Alfredo Campos
Now at 1B: Tom Chism
Batting: RHB Alex Juarez 0-0: Ball
1-0: Ball
2-0: SINGLE (Flyball, 89S, EV 89.4 MPH)
Batting: RHB Larry Hamilton 0-0: Ball
1-0: Ball
2-0: Swinging Strike
2-1: Foul Ball, location: 2F
2-2: Strikes out swinging
Batting: LHB Broderick Perkins 0-0: Ball
1-0: Called Strike
1-1: SINGLE (Line Drive, 78M, EV 108.1 MPH)
Alex Juarez to second
Batting: RHB Bobby Malone 0-0: Grounds into double play, 5-4-3 (Groundball, 56, EV 102.5 MPH)
Top of the 9th over - 0 runs, 2 hits, 0 errors, 1 left on base; Tacoma 1 - Tucson 8
Sunday, June 21st, 2020 - OOTP Baseball 21.4 Build 63